 Dungeon Crawl Stone Soup version 0.26-a0-259-g1effd001a9 (webtiles) character file.

Game seed: 15850016125330592913

37 BattleRest the Skirmisher (level 3, -2/43 HPs)
             Began as a Human Berserker on July 20, 2020.
             Was a Follower of Trog.
             Killed by divine providence
             ... invoked by an orc priest
              (15 damage)
             ... on level 2 of the Dungeon.
             The game lasted 00:02:25 (1162 turns).

BattleRest the Skirmisher (Human Berserker)         Turns: 1162, Time: 00:02:25

Health: -2/43      AC:  6    Str: 18    XL:     3   Next: 62%
Magic:  3/3        EV: 10    Int:  7    God:    Trog [*.....]
Gold:   61         SH:  0    Dex: 12    Spells: 2/2 levels left

rFire    . . .     SeeInvis .   a - +0 mace
rCold    . . .     Faith    .   (no shield)
rNeg     . . .     Spirit   .   q - +0 scale mail
rPois    .         Reflect  .   (no helmet)
rElec    .         Harm     .   (no cloak)
rCorr    .                      (no gloves)
MR       .....                  (no boots)
Stlth    ..........             (no amulet)
HPRegen  0.14/turn              (no ring)
MPRegen  0.08/turn              (no ring)

@: berserking, very quick
A: no striking features
a: Berserk, Renounce Religion


You were on level 2 of the Dungeon.
You worshipped Trog.
Trog was aware of your devotion.
You were not hungry.

You visited 1 branch of the dungeon, and saw 2 of its levels.

You collected 61 gold pieces.

Inventory:

Hand Weapons
 a - a +0 mace (weapon)
Armour
 b - a +0 animal skin
 h - a +0 leather armour
 q - a +0 scale mail (worn)
Jewellery
 g - an uncursed ring of stealth {unknown}
Scrolls
 e - a scroll of enchant weapon {unknown}
 j - 2 scrolls of immolation {unknown}
 l - 6 scrolls of identify {unknown}
 m - a scroll of teleportation {unknown}
 o - a scroll of noise {unknown}
Potions
 d - a potion of haste {unknown}
 f - a potion of magic {unknown}
 i - a potion of degeneration {unknown}
 k - a potion of heal wounds {unknown}
 n - a potion of brilliance {unknown}
 p - a potion of lignification {unknown}
Comestibles
 c - a ration


   Skills:
 + Level 3.5 Fighting
 + Level 3.5 Maces & Flails
 + Level 2.6 Armour
 - Level 2.0 Dodging


You had 2 spell levels left.
You didn't know any spells.
Your spell library was empty.

Dungeon Overview and Level Annotations

Branches:
Dungeon (2/15)

Altars:


Message History

The orc priest begins to cast a cantrip, but forgets the words!
The orc hits you but does no damage. The orc closely misses you.
You hit the orc priest but do no damage.
The orc priest is heavily wounded.
The orc barely misses you. The orc priest closely misses you.
The orc priest hits you with a +0 hand axe.
* * * LOW HITPOINT WARNING * * *
The orc hits you but does no damage. x2
You barely miss the orc priest.
The orc priest is heavily wounded.
The orc barely misses you. The orc priest misses you.
The orc priest barely misses you.
You hit the orc priest.
The orc priest is severely wounded.
The orc closely misses you. The orc hits you but does no damage. x2
You closely miss the orc priest.
The orc priest is severely wounded.
The orc priest invokes the aid of Beogh against you.
Beogh smites you!
You die...

##$⌠$## ##########
##.....## [........#
#.......# ########.#
#.8...8.# ##...
#.......#.. ##....
#.......#..# ##.....
#..oo...#..# #......
#.8o@o8.#..# #......
#.#..o....#..####.#....
#............##........
#####...##.#.##.....#.#
#.###.....†.......#
#....#.#.##.....###
###.............#
#..#.#.##.#.....
#.#...###...#####


You could see 2 orc priests and 3 orcs.

Vanquished Creatures
  A gnoll (D:1)
  An adder (D:2)
  2 giant cockroaches (D:1)
  A goblin (D:1)
  2 hobgoblins (D:1)
  3 jackals (D:1)
  3 kobolds (D:1)
  3 frilled lizards
  2 rats (D:2)
18 creatures vanquished.

Notes
Turn   | Place    | Note
-------+----------+-------------------------------------------
     0 | D:1      | BattleRest the Human Berserker began the quest for the Orb.
     0 | D:1      | Reached XP level 1. HP: 18/18 MP: 1/1
   293 | D:1      | Reached XP level 2. HP: 24/24 MP: 2/2
   535 | D:1      | Reached XP level 3. HP: 26/29 MP: 3/3
  1162 | D:2      | Killed from afar by an orc priest

Illustrated notes

Levels and vault maps discovered:
D:1:      scummos_arrival_simple_fountains, layout_loops_cross
D:2:      cheibrodos_pilgrimage, layout_loops_ring, lemuel_blue_sif_altar,
          minitemple, minmay_misc_feat_roman

Action                   || total
-------------------------++-------
Melee: Mace              ||    73
Invok: Berserk           ||     2
  Eat: Ration            ||     1
Armor: Animal skin       ||     1
       Leather armour    ||    18
       Scale mail        ||    10
Dodge: Dodged            ||    63

Table legend:
 A = Non-vault XP
 B = Vault XP
 C = Vault XP percentage of total XP
 D = Non-vault monster count
 E = Vault monster count
 F = Vault count percentage of total count
                 A         B        C        D         E       F
            +---------+---------+-------+---------+---------+-------
      Total |      54 |       0 |   0.0 |      18 |       0 |   0.0
            +---------+---------+-------+---------+---------+-------
        D:1 |      38 |       0 |   0.0 |      14 |       0 |   0.0
        D:2 |      16 |       0 |   0.0 |       4 |       0 |   0.0
            +---------+---------+-------+---------+---------+-------
